Description

Left number is worker count!

Build Order

Get SALT Encoding   

  16  0:51  Hatchery  Send worker at 190 minerals
  18  1:11  Extractor  Use worker from cocoon
  17  1:16  Spawning Pool  Use worker from cocoon
  21  2:02  Zergling x4  Defence from reaper(2 cocoons)
  21  2:05  Queen x2  
  21  2:11  Metabolic Boost  Keep workers on extractor
  25  2:43  Hatchery  Send worker from 2nd base at 140 minerals
  24  2:52  Pneumatized Carapace  Send 2 workers from extractor to minerals
  39  4:00  Baneling Nest  
  54  4:37  Extractor x2  Return 2 workers to extractor on main
  57  5:00  Lair  
  59  5:23  Evolution Chamber x2  
  57  5:45  Hatchery  
  56  5:55  Zerg Melee Weapons Level 1, Zerg Ground Armor Level 1  
  58  6:10  Spire  
  57  5:23  Centrifical Hooks  
  57  7:20  Zerg Flyer Weapons Level 1  
  58  7:45  Infestation Pit  
  57  7:57  Zerg Melee Weapons Level 2, Zerg Ground Armor Level 2  
  60  8:25  Hive  
  59  9:35  Adrenal Glands  
  59  8:36  Greater Spire  
  59  9:13  Zerg Melee Weapons Level 3, Zerg Ground Armor Level 3  
  57  10:54  Zerg Flyer Weapons Level 2  
Spawning Tool Build Advisor. Get it on Overwolf

Analysis

Counter attack and go into brood lords in late

Go to:

Details

  • Created by: kiIIer
  • Published on: May 07, 2020
  • Modified on: May 07, 2020
  • Patch: 4.11.0
Show
View Real Time Build Order
Export as new Build Order

Comments (0)

There are no comments. Be the first!

Create an account to comment!